cohdb
Replays
Latest Replays
All Replays
Popular Replays
Top Player Replays
Match Explorer
How It Works
Community
CoH3 Stats
Reddit
Sign in to upload your games and track your stats! →
Sign in with Steam
Match 45773894
Unlisted
Match 45773894
Overview
Messages
Build Orders
End
Vickers Machine Gun Team
Selects Heavy Armor Battlegroup
Construct Section Command Post
Infantry Section
Infantry Section
Grenade Package
Vickers Machine Gun Team
Construct Platoon Command Post
Infantry Section
Selects Rigorous Vehicle Training
Selects Light Vehicle Withdraw and Refit
Humber Armored Car
6-pounder Anti-tank Gun Team
CMP 15cwt Truck
Selects Forward Repair Assembly
Selects UNKNOWN (2162094)
Construct Company Command Post
Courier
Tearstill
hero12
MillenniumKnight
DireRadiant
AveugleVue
0
0
Comments
sign in to comment!
No comments posted yet!